 Dungeon Crawl Stone Soup version 0.27-a0-1595-g0b823d0a13 (webtiles) character file.

Game seed: 1082703217807793171

74 PentaManta the Skirmisher (level 4, -4/30 HPs)
             Began as a Gargoyle Monk on July 20, 2021.
             Slain by a gnoll (7 damage)
             ... on level 1 of the Dungeon.
             The game lasted 00:05:40 (2364 turns).

PentaManta the Skirmisher (Gargoyle Monk)           Turns: 2364, Time: 00:05:41

Health: -4/30      AC:  8    Str: 15    XL:     4   Next: 28%
Magic:  4/4        EV: 11    Int: 11    God:
Gold:   124        SH:  5    Dex: 12    Spells: 3/3 levels left

rFire    . . .     SeeInvis .   f - +0 dagger
rCold    . . .     Faith    .   (no shield)
rNeg     + . .     Spirit   .   k - +0 ring mail
rPois    ∞         Reflect  +   (no helmet)
rElec    +         Harm     .   (no cloak)
rCorr    .         Rampage  .   (no gloves)
Will     .....                  (no boots)
Stlth    +.........             c - amulet of reflection
HPRegen  0.10/turn              (no ring)
MPRegen  0.09/turn              (no ring)

@: no status effects
A: sickness immunity, AC +3, negative energy resistance 1, electricity
resistance, torment resistance 1, petrification resistance
a: no special abilities


You were on level 1 of the Dungeon.
You visited 1 branch of the dungeon, and saw 3 of its levels.

You collected 124 gold pieces.

Inventory:

Hand Weapons
 a - a +0 mace
 d - a +0 short sword
 f - a +0 dagger (weapon)
Missiles
 e - 18 stones (quivered)
Armour
 b - a +0 robe
 j - a +0 leather armour
 k - a +0 ring mail (worn)
Jewellery
 c - an amulet of reflection (around neck)
Scrolls
 h - a scroll of identify {unknown}
 i - a scroll of teleportation {unknown}
 l - a scroll of enchant weapon {unknown}
 m - a scroll of torment {unknown}


   Skills:
 + Level 4.5 Fighting
 + Level 4.1 Maces & Flails
 - Level 2.4 Dodging
 - Level 2.1 Stealth


You had 3 spell levels left.
You didn't know any spells.
Your spell library was empty.

Dungeon Overview and Level Annotations

Branches:
Dungeon (3/15)

Altars:


Innate Abilities, Weirdness & Mutations

You are immune to sickness and miasma.
Your stone body is resilient. (AC +3)
You are immune to poison.
You resist negative energy. (rN+)
You are resistant to electric shocks. (rElec)
You are resistant to unholy torment.
You are immune to petrification.


Message History

The gnoll hits you but does no damage.
You hit the gnoll but do no damage.
The gnoll is severely wounded.
The gnoll hits you with a +1 flail of venom!
* * * LOW HITPOINT WARNING * * *
You hit the gnoll but do no damage.
The gnoll is severely wounded.
The gnoll closely misses you.
Press: ? - help, v - describe, . - travel
Here: a gnoll, wielding a +1 flail of venom (severely wounded)
The floor.
The gnoll closely misses you.
You hit the gnoll but do no damage.
The gnoll is heavily wounded.
The gnoll closely misses you.
You barely miss the gnoll.
The gnoll is heavily wounded.
You block the gnoll's attack.
You hit the gnoll.
The gnoll is severely wounded.
The gnoll hits you but does no damage.
You barely miss the gnoll.
The gnoll is severely wounded.
You block the gnoll's attack.
You hit the gnoll.
The gnoll is severely wounded.
The gnoll hits you with a +1 flail of venom!
* * * LOW HITPOINT WARNING * * *
You hit the gnoll but do no damage.
The gnoll is severely wounded.
The gnoll closely misses you. You block the gnoll's attack.
You hit the gnoll but do no damage.
The gnoll is severely wounded.
You barely miss the gnoll.
The gnoll is severely wounded.
The gnoll hits you with a +1 flail of venom.
* * * LOW HITPOINT WARNING * * *
The gnoll hits you with a +1 flail of venom!
You die...

...####.#......# #
.....##.#.####.# #
.....##.#.#.##.### #
.....##.#.#.##.#.# #########
...#.##...#.##.#.###### #........
...#.###..............# #.#######
+###.######.#.##.####.###.# # .#
#.#.# #......# #.....#######
.###.#.######...@####.###........
.................g...............
.......###..###..########.###....
.#.....###..# #..# #....# #.###
........##..# ##.#####....###.###
............# #.................
.##..#..#..## #..#######..>.....
.##..#..#..#####..# #........
...............#..# #........


You could see a gnoll.

Vanquished Creatures
  3 adders
  3 dart slugs
  5 bats
  4 endoplasms
  2 goblins
  3 hobgoblins (D:1)
  7 jackals
  4 kobolds
  3 ball pythons
  2 frilled lizards
  4 rats
40 creatures vanquished.

Notes
Turn   | Place    | Note
-------+----------+-------------------------------------------
     0 | D:1      | PentaManta the Gargoyle Monk began the quest for the Orb.
     0 | D:1      | Reached XP level 1. HP: 14/14 MP: 1/1
   114 | D:1      | Reached XP level 2. HP: 6/19 MP: 2/2
   899 | D:1      | Reached XP level 3. HP: 24/24 MP: 3/3
  1607 | D:2      | You fall into a shaft and drop 1 floor!
  1906 | D:1      | Reached XP level 4. HP: 10/30 MP: 4/4
  2364 | D:1      | Slain by a gnoll

Illustrated notes

Levels and vault maps discovered:
D:1:      evilmike_arrival_plus, layout_basic
D:2:      layout_rooms, ebering_ecumenical_altar_webs, minmay_tromino_mix6
D:3:      layout_basic, guppyfry_early_orc_mine

Skill      XL: |  1  2  3 |
---------------+----------+-----
Fighting       | 4 |  4.5
Maces & Flails | 4 |  4.1
Dodging        | |  2.4
Stealth        | |  2.1

Action                   |  1- 3 |  4- 6 || total
-------------------------+-------+-------++-------
Melee: Mace              |    34 |       ||    34
       Short sword       |    10 |       ||    10
       Dagger            |   193 |    36 ||   229
  Use: Potion            |     1 |       ||     1
 Stab: Sleeping          |     2 |       ||     2
Armor: Robe              |    27 |       ||    27
       Ring mail         |    57 |     7 ||    64
       Leather armour    |    10 |       ||    10
Dodge: Dodged            |   144 |    22 ||   166
Block: Other             |    80 |    13 ||    93

Table legend: (Time is in decaauts)
 A = Elapsed time spent in this place.
 B = Non-inter-level travel time spent in this place.
 C = Inter-level travel time spent in this place.
 D = Time resting spent in this place.
 E = Time spent auto-exploring this place.
 F = Levels seen in this place.
 G = Mean time per level.
                   A        B        C        D        E       F      G
               +--------+--------+--------+--------+--------+-----+--------+
         Total |   2374 |   2330 |     44 |    615 |    954 |   3 |  791.3 |
       Dungeon |   2374 |   2330 |     44 |    615 |    954 |   3 |  791.3 |
               +--------+--------+--------+--------+--------+-----+--------+

Top non-repeatable levels by time:
     D:1: 1795 daAuts
     D:2: 361 daAuts
     D:3: 217 daAuts
